[Event "41st Zalakaros Festival 2022"]
[Site "Zalakaros"]
[Date "2022.06.10"]
[Round "6.9"]
[White "Tulchynskyi, Feliks"]
[Black "Bernath, Bence"]
[Result "1/2-1/2"]
[ECO "A45"]
[WhiteElo "2068"]
[BlackElo "2202"]
[Annotator "TA"]
[PlyCount "66"]
[EventDate "2022.06.05"]
[EventType "swiss"]
[EventCountry "HUN"]
[SourceTitle "playchess.com"]
[Source "ChessBase"]
[SourceQuality "1"]
[TimeControl "40/5400+30:1800+30"]

1. d4 Nf6 2. g3 g6 3. Bg2 Bg7 4. e4 O-O 5. Nc3 d6 6. Nge2 Nc6 7. O-O e5 8. dxe5 dxe5 9. Bg5 Be6 10. Nd5 Bxd5 11. exd5 Ne7 12. c4 h6 13. Bxf6 {[%emt 0:00:27] B07: Pirc Defence: Miscellaneous Systems.} Bxf6 14. c5 Nf5 15. Rc1 {[%emt 0:07:30] [#] White is slightly better.} Qd7 $146 ({Predecessor:} 15... Re8 16. Qd3 Rb8 17. Rfd1 Bg7 18. d6 cxd6 19. cxd6 Nd4 20. Nxd4 exd4 21. Qa3 Re6 22. Qxa7 Rxd6 23. Bxb7 Rb6 24. Qxb8 Qxb8 25. Rc8+ Qxc8 26. Bxc8 Rxb2 27. a4 {½-½ (27) Houser,P (2335)-Belov,I (2440) Karvina 1992}) 16. Qd3 Rfd8 17. Rfd1 Bg7 (17... Rab8 $14) 18. Qc4 Ne7 (18... Rab8 $14) 19. Nc3 a6 (19... Nf5 $16 {keeps fighting.}) 20. b4 (20. d6 $18 cxd6 21. Qb3 (21. Rxd6 Qc7 $16) (21. cxd6 Nf5 $11)) 20... Nf5 $16 21. Ne2 Rab8 22. Rc2 Qe7 23. a4 Bf8 24. Rdc1 Qe8 25. b5 axb5 26. Qxb5 (26. axb5 $16 Rd7 27. Nc3) 26... Qxb5 $11 27. axb5 b6 $2 {[%emt 0:00:04] [#]} (27... h5 $11) 28. d6 $1 $18 Rdc8 29. d7 Rd8 30. cxb6 {[%emt 0:01:37] White is more active.} ({Better is} 30. c6) 30... cxb6 $16 {[%emt 0:00:17] White is better.} 31. Bc6 Bc5 32. Rd1 Nd4 33. Nxd4 Bxd4 {[%emt 0:00:06] Weighted Error Value: White=0.22 (precise) /Black=0.32} 1/2-1/2

[Event "41st Zalakaros Festival 2022"]
[Site "Zalakaros"]
[Date "2022.06.10"]
[Round "6.10"]
[White "Pogany, Zsombor"]
[Black "Demeter, Dorina"]
[Result "1-0"]
[ECO "C92"]
[WhiteElo "2104"]
[BlackElo "2235"]
[Annotator "TA"]
[PlyCount "83"]
[EventDate "2022.06.05"]
[EventType "swiss"]
[EventCountry "HUN"]
[SourceTitle "playchess.com"]
[Source "ChessBase"]
[SourceQuality "1"]
[TimeControl "40/5400+30:1800+30"]

1. e4 e5 2. Nf3 Nc6 3. Bb5 a6 4. Ba4 Nf6 5. O-O Be7 6. Re1 b5 7. Bb3 d6 8. c3 O-O 9. h3 Re8 10. d4 Bb7 11. Nbd2 Bf8 12. a4 h6 13. Bc2 exd4 14. cxd4 Nb4 15. Bb1 c5 16. d5 Nd7 17. Ra3 c4 18. axb5 axb5 19. Nd4 Qb6 {[%emt 0:08:20] C92: Closed Ruy Lopez: 9...Be6, Karpov and Flohr-Zaitsev Variations.} 20. Nf5 {[%emt 0:02:19][%cal Of5h6] Nxh6+! is the strong threat.} g6 {[%emt 0:03:39] [#]} 21. Nf1 $1 Kh7 {[%emt 0:18:20] White is slightly better.} (21... Ne5 22. Nxh6+) 22. Qd2 Rxa3 23. bxa3 Nd3 24. Bxd3 {[%emt 0:02:11][%cal Bb1d3,Bd3c2,Bc2f5][%mdl 32] [#]} gxf5 $146 {[%emt 0:00:29] [#]} (24... cxd3 $16 25. Nxh6 Bxd5) ({Predecessor:} 24... cxd3 25. Nxh6 Bxd5 26. Qf4 f6 27. Qh4 g5 28. Qh5 Rxe4 29. Ng4+ Kg8 30. Qg6+ Kh8 31. Rxe4 Bxe4 32. Qxe4 Qc5 33. Bb2 {1-0 (33) Hallier,K (2069)-Breitenbaum,J (1998) corr 1997}) 25. Bc2 $18 Nf6 26. Ng3 Bc8 27. Bb2 Bg7 (27... Qd8 $142 28. Bc3 Kg8) 28. e5 dxe5 29. Nxf5 Bxf5 30. Bxf5+ Kg8 31. d6 Qd8 (31... Rd8 $142 32. Bxe5 Ne8) 32. d7 Re7 33. Rd1 e4 34. Bc3 e3 35. fxe3 Ne4 36. Ba5 Nxd2 37. Bxd8 {[%emt 0:00:05] This bishop pair is nice.} Rxd7 38. Bxd7 c3 39. Bxb5 Nb3 40. Ba4 c2 41. Bxb3 cxd1=Q+ 42. Bxd1 {[%emt 0:01:55] Black did not feel at home in the position after the opening.  Weighted Error Value: White=0.05 (flawless) /Black=0.85} 1-0

[Event "41st Zalakaros Festival 2022"]
[Site "Zalakaros"]
[Date "2022.06.11"]
[Round "7.1"]
[White "Csonka, Balazs"]
[Black "Horvath, Adam"]
[Result "1/2-1/2"]
[ECO "B48"]
[WhiteElo "2498"]
[BlackElo "2513"]
[Annotator "TA"]
[PlyCount "61"]
[EventDate "2022.06.05"]
[EventType "swiss"]
[EventCountry "HUN"]
[SourceTitle "playchess.com"]
[Source "ChessBase"]
[SourceQuality "1"]
[TimeControl "40/5400+30:1800+30"]

1. e4 c5 2. Nf3 e6 3. d4 cxd4 4. Nxd4 Nc6 5. Nc3 Qc7 6. Be3 a6 7. Qf3 {[%emt 0:00:07] 7.g4 is setting a new trend. B48: Sicilian: Taimanov: 5 Nc3 Qc7 6 Be3 a6 without Be2.} Nf6 8. O-O-O h5 9. Nxc6 {[%emt 0:00:37] White has an edge.} dxc6 10. h3 b5 11. e5 Nd5 12. Bf4 Qa5 13. Bd3 Be7 {[%emt 0:07:32] [#]} 14. g4 $146 ({Predecessor:} 14. Nxd5 exd5 15. Kb1 Be6 16. Bd2 Qc7 17. Qe2 h4 18. f4 g6 19. Qf2 O-O-O 20. Be3 {½-½ (37) Santos Latasa,J (2536)-Shankland,S (2662) Sitges 2017}) 14... g6 15. Rhe1 Nxc3 (15... Bb7 $14) 16. Qxc6+ $16 Kf8 17. Qxc3 (17. Qxa8 $16 Nxd1 18. Rxd1 (18. Qxc8+ $2 Kg7 $19)) 17... Qxc3 $11 (17... Bb4 $2 18. Qc6 Rb8 19. Bxg6 $18 (19. c3 Be7 $11)) 18. bxc3 Bb7 19. Be4 Ba3+ 20. Kd2 Bxe4 21. Rxe4 hxg4 22. hxg4 Rc8 23. Rb1 Kg7 24. Rb3 (24. c4 $5) 24... Rhd8+ 25. Ke2 Be7 26. a4 Rd5 27. axb5 axb5 28. Kf1 (28. g5 $5 ) 28... Rdc5 {[%emt 0:00:59] The position is equal.} 29. Be3 Rxc3 30. Rxb5 Rxc2 31. Rb7 {[%emt 0:00:11] Weighted Error Value: White=0.15 (very precise) /Black=0.14 (very precise)} 1/2-1/2

[Event "41st Zalakaros Festival 2022"]
[Site "Zalakaros"]
[Date "2022.06.11"]
[Round "7.2"]
[White "Peczely, Sebastian Zsombor"]
[Black "Pranav Vijay"]
[Result "1-0"]
[ECO "C49"]
[WhiteElo "2313"]
[BlackElo "2265"]
[Annotator "TA"]
[PlyCount "120"]
[EventDate "2022.06.05"]
[EventType "swiss"]
[EventCountry "HUN"]
[SourceTitle "playchess.com"]
[Source "ChessBase"]
[SourceQuality "1"]
[TimeControl "40/5400+30:1800+30"]

1. e4 e5 2. Nf3 Nc6 3. Nc3 Nf6 4. Bb5 Bb4 5. O-O O-O 6. d3 d6 7. Bg5 Bxc3 8. bxc3 Qe7 9. Re1 Nd8 10. d4 Ne6 11. Bc1 c6 12. Bf1 Rd8 13. g3 {[%emt 0:07:57] C49: Four Knights: 4 Bb5 Bb4.} Nf8 14. Bg2 Ng6 {[%emt 0:00:39] [#]} 15. h3 $146 {[%emt 0:07:25] White has an edge.} ({Predecessor:} 15. a4 Bg4 16. h3 Bxf3 17. Qxf3 Nd7 18. h4 h6 19. Bh3 Qf6 20. Qd3 exd4 21. cxd4 {1-0 (29) Zaksaite,S (2287)-Kaspi,A (2435) Jerusalem 2017}) 15... h6 16. Nh2 Qc7 17. f4 (17. a4 $11 {might be stronger.}) 17... exf4 $15 18. gxf4 d5 19. e5 Ne4 20. Rxe4 dxe4 21. Bxe4 f5 ({Don't play} 21... Bxh3 22. Qf3 Bd7 23. f5 $11) 22. Bd3 Be6 23. Nf3 Qf7 24. Qe2 b6 25. Be3 c5 26. dxc5 bxc5 27. c4 Rab8 28. a3 Rb2 29. Kh2 Rdb8 30. Nd2 a5 31. Rg1 (31. Rf1 $11) 31... a4 (31... Ra2 $1 $15 {deserves consideration.}) 32. Qh5 Nxe5 33. Qxf7+ Nxf7 34. Bxc5 Rd8 {[%emt 0:02:37] Prevents Bd4. Strongly threatening ...Rxd3.} 35. Bb4 {[%emt 0:03:38][%mdl 1024] White has compensation.} Nd6 36. Bc3 $1 Rb7 37. Rg6 $36 {[%emt 0:02:23][%mdl 2048] White is more active.} Bc8 38. c5 (38. Be5 $5 Ne8 39. c5 $14) 38... Ne8 39. Ba5 {[%emt 0:02:28] Against Rc7. White is more active. This bishop pair is nice.} Rd4 40. Rc6 Bd7 {[%emt 0:00:00] Loses the game.} (40... Rb8 $1 $14) 41. Ra6 $1 $18 Bb5 42. Rb6 $1 Rxb6 (42... Bxd3 43. Rxb7 Be4) 43. cxb6 {[%emt 0:00:13] Hoping for b7.} Bc6 {[%emt 0:00:11] [#]} 44. Bb5 $1 {[%emt 0:00:26][%mdl 576] Deflection} Bb7 (44... Ba8 45. Bxe8) 45. Bxe8 Rxf4 46. c4 Rf2+ {[%emt 0:01:27] [#]} 47. Kg1 $1 ({Less strong is} 47. Kg3 Re2 48. Bh5 (48. Bxa4 Re3+ 49. Kf4 Rxa3 $16) 48... f4+ 49. Kxf4 g5+ 50. Kg4 Re3 $16) 47... Re2 48. Bb5 Re1+ 49. Kf2 Rc1 50. Bb4 Kf7 51. c5 Ke6 52. Nc4 Kd5 {[%emt 0:00:05] Inhibits c6.} 53. Na5 Rxc5 54. Bxc5 {[%emt 0:00:05] White mates.} Kxc5 55. Nxb7+ Kxb5 56. Nd6+ Kxb6 57. Nxf5 Kc5 58. Nxg7 {[%emt 0:00:25] KN-KPP} Kc4 59. Ne6 Kb3 60. Nc5+ Kxa3 {[%emt 0:00:02] Weighted Error Value: White=0.07 (flawless) /Black=0.54} 1-0

[Event "41st Zalakaros Festival 2022"]
[Site "Zalakaros"]
[Date "2022.06.11"]
[Round "7.3"]
[White "Sammed Jaykumar, Shete"]
[Black "Leszko, Bence"]
[Result "1-0"]
[ECO "D45"]
[WhiteElo "2400"]
[BlackElo "2248"]
[Annotator "TA"]
[PlyCount "79"]
[EventDate "2022.06.05"]
[EventType "swiss"]
[EventCountry "HUN"]
[SourceTitle "playchess.com"]
[Source "ChessBase"]
[SourceQuality "1"]
[TimeControl "40/5400+30:1800+30"]

1. c4 Nf6 2. d4 e6 3. Nf3 d5 4. Nc3 c6 5. e3 Nbd7 6. Be2 Bd6 7. O-O O-O 8. b3 Qc7 {[%emt 0:00:58] D45: Semi-Slav: 5 e3.} 9. h3 b6 10. Bb2 Bb7 {[%emt 0:00:20] [#] The position is equal.} 11. Bd3 $146 ({Predecessor:} 11. Rc1 a6 12. cxd5 Nxd5 13. Ne4 Be7 14. Bd3 Qd8 15. Bb1 N5f6 16. Nxf6+ Bxf6 17. Qd3 {0-1 (58) Bozzao,F (1867)-Fracasso Pezzolato,M (1796) Mestre 2011}) 11... Rac8 12. Qe2 dxc4 13. bxc4 e5 14. c5 bxc5 15. dxe5 Nxe5 16. Nxe5 Bxe5 17. Rac1 c4 18. Bxc4 c5 19. f4 Bxc3 20. Bxc3 Ne4 21. Be5 {[%emt 0:00:10] A strong pair of Bishops.} Qc6 22. Qb2 Rfd8 23. Rfd1 {[%emt 0:01:02] Prevents Rd2.} (23. Bxg7 $2 Rd2 24. Rc2 Rxc2 25. Qxc2 Kxg7 $19) 23... Nf6 ({Better is} 23... Ng3 $14) 24. Bxf6 {[%emt 0:16:03] White is much more active.} gxf6 25. Rf1 Kf8 26. Rf2 Rd6 27. Qa3 Ba6 28. e4 {[%emt 0:03:34] [#] Black must now prevent e5.} Bxc4 29. Rxc4 Rd7 (29... Rd1+ $14 30. Kh2 Qd6) 30. Rfc2 Qb6 (30... Rd1+ $14 31. Kh2 Qd6) 31. Kh2 $16 (31. Rxc5 $2 Rdc7 32. Kh2 Rxc5 $19) 31... Qd6 32. Qe3 (32. Rxc5 $6 Qxf4+ 33. Qg3 Qxg3+ 34. Kxg3 Rxc5 35. Rxc5 Rd3+ 36. Kf4 Rd2 $11) 32... Qd3 {[%emt 0:03:09] [#]} 33. Qf2 (33. Qxd3 $6 Rxd3 34. Rxc5 Rxc5 35. Rxc5 Ra3 $14) 33... Re7 (33... Rdd8 $16 {is a better defense.} 34. Rxc5 Rxc5 35. Qxc5+ Qd6) 34. R2c3 (34. Rxc5 Rxc5 35. Qxc5 Qxe4 $16) 34... Qd6 35. Qh4 {[%emt 0:00:16] And now Qh6+ would win.} Re6 (35... Ke8 {might work better.} 36. Rg3 (36. Qxh7 Qxf4+ 37. Rg3 Qe5 $14) 36... Rc6) 36. Rg3 $18 ({Stronger than} 36. Qxh7 Qxf4+ 37. Rg3 Ke7 $11) 36... Rb8 37. Qxh7 {[%emt 0:05:41][%cal Oe4e5] e5! is the strong threat.} ({Less strong is} 37. Qg4 Rb4 38. Rcc3 (38. Rxb4 cxb4 39. Qf5 a5 $11) 38... Ke7 $16) 37... Qxf4 38. Rxc5 {[%emt 0:00:13][%cal Oe4e5] Threatens to win with e5!} Rd8 $2 (38... Qd6 39. Qh6+ Ke7) 39. e5 {[%emt 0:02:18] Rc7 would kill now.} fxe5 40. Rc7 {[%emt 0:00:00] Weighted Error Value: White=0.08 (flawless) /Black=0.50} 1-0

[Event "41st Zalakaros Festival 2022"]
[Site "Zalakaros"]
[Date "2022.06.11"]
[Round "7.4"]
[White "Kantor, Gergely"]
[Black "Okhotnik, Vladimir"]
[Result "1-0"]
[ECO "D96"]
[WhiteElo "2587"]
[BlackElo "2336"]
[Annotator "TA"]
[PlyCount "125"]
[EventDate "2022.06.05"]
[EventType "swiss"]
[EventCountry "HUN"]
[SourceTitle "playchess.com"]
[Source "ChessBase"]
[SourceQuality "1"]
[TimeControl "40/5400+30:1800+30"]

1. d4 Nf6 2. c4 g6 3. Nc3 d5 4. Nf3 Bg7 5. Qb3 c6 6. Bg5 dxc4 {[%emt 0:03:29] D96: Grünfeld: Russian System (5 Qb3): sidelines.} 7. Qxc4 Bg4 8. e3 Bxf3 {[%emt 0:00:18] The position is equal.} 9. gxf3 Nbd7 {[%emt 0:05:20] [#]} 10. Qb3 $146 ({Predecessor:} 10. Bg2 e5 11. O-O-O Qa5 12. dxe5 Nxe5 13. Qh4 Ned7 14. Rd6 O-O 15. Rhd1 Nd5 16. Qa4 Qxa4 17. Nxa4 {1-0 (48) El Debs,F (2477)-Matsuura,E (2487) Campinas 2011}) 10... Qb6 11. Qc2 Qa5 12. f4 h6 13. Bxf6 Nxf6 14. Bg2 Rb8 15. O-O O-O 16. a3 Rfc8 17. b4 Qh5 18. Rfc1 e6 19. Rab1 Bf8 20. Qd1 Qxd1+ 21. Nxd1 a5 22. bxa5 Bxa3 23. Rc3 Bd6 24. Rcb3 Bc7 25. Ra1 Ra8 26. Rxb7 Bxa5 27. Rb3 Bd8 28. Rxa8 Rxa8 29. Bxc6 Ra1 30. Bf3 Ba5 31. Rb8+ Kg7 32. Ra8 Ra3 33. Nb2 Bb4 34. Rb8 Bd6 35. Rb7 {[%emt 0:01:09] And now Nc4 would win.} Bxf4 $1 36. Kg2 Bd6 37. Nc4 Ra6 38. e4 Bf4 (38... Ne8 $11) 39. e5 $1 $16 Nh7 (39... Nd5 $2 40. Nd6 Kg8 41. Nxf7 (41. Bxd5 exd5 42. Rb8+ Kh7 $18)) 40. h4 Ra4 {[%emt 0:00:00] [#]} (40... h5 $16 {keeps fighting.} 41. Rc7 (41. Nd6 Rxd6 42. exd6 Bxd6 $16) 41... Ra2) 41. Rc7 ({And not} 41. Nd6 Rxd4 42. Nxf7 (42. Rxf7+ Kg8 $15) 42... Kg8 $11) (41. d5 $1 $18 {[%cal Rd5e6] Threatens to win with dxe6!} Rxc4 (41... Nf8 42. Nd6) 42. dxe6) 41... Nf8 42. Be4 {[%emt 0:02:53] White is more active.} (42. d5 $16) 42... g5 43. h5 Kg8 44. Rc8 g4 45. d5 exd5 $2 (45... Kg7 $11 {and Black is okay.}) 46. Bxd5 $18 Ra7 47. Re8 {[%emt 0:01:13] Prevents Re7.} Kg7 48. Nd6 {[%emt 0:00:14] aiming for Nf5+.} Ne6 {[%emt 0:02:23] [#]} 49. Bxe6 $2 (49. Nf5+ $1 $18 {is the precise move to win.} Kh7 50. Ne7 (50. Bxe6 fxe6 51. Rxe6 Ra5 $16)) 49... fxe6 $16 50. Rxe6 $18 {[%emt 0:00:04][%mdl 4096] Endgame KRB-KRN} Ra5 51. Nf5+ Kh7 52. Re7+ Kh8 $2 {[%emt 0:00:57][%mdl 8192] [#]} (52... Kg8 $16) 53. Nh4 $1 {[%emt 0:00:27] Black must now prevent Ng6+. White is clearly winning.} Kg8 54. Ng6 Bg5 55. Rb7 Ra1 56. Rb4 Kf7 57. Rxg4 Ke6 {[%emt 0:00:10] [#]} (57... Bc1 $142 58. Rc4 Ke6) 58. Rxg5 $1 hxg5 (58... Re1 59. Nf4+) 59. h6 Kf7 60. h7 Kxg6 61. h8=Q Ra6 62. Qc8 Rb6 63. Qc2+ {[%emt 0:00:04] Weighted Error Value: White=0.15 (very precise) /Black=0.20 (precise)} 1-0

[Event "41st Zalakaros Festival 2022"]
[Site "Zalakaros"]
[Date "2022.06.11"]
[Round "7.5"]
[White "Nemeth, Zalan"]
[Black "Papp, Levente"]
[Result "1/2-1/2"]
[ECO "A20"]
[WhiteElo "2177"]
[BlackElo "2401"]
[Annotator "TA"]
[PlyCount "99"]
[EventDate "2022.06.05"]
[EventType "swiss"]
[EventCountry "HUN"]
[SourceTitle "playchess.com"]
[Source "ChessBase"]
[SourceQuality "1"]
[TimeControl "40/5400+30:1800+30"]

1. c4 e5 2. g3 Nf6 3. Bg2 c6 4. Nf3 e4 5. Nd4 Qb6 (5... d5 {looks sharper.} 6. d3 Bc5 7. Nb3 Bb6) 6. Nc2 {[%emt 0:00:22] A20: English Opening: 1...e5.} d5 7. cxd5 cxd5 8. O-O Be7 9. d3 O-O 10. Be3 {[%emt 0:05:15] [#]} Qxb2 $146 ({Predecessor:} 10... Qa6 11. Nc3 exd3 12. Qxd3 Qxd3 13. exd3 Rd8 14. Rfe1 Nc6 15. Nb5 Bf5 16. Ncd4 Nxd4 17. Bxd4 {½-½ (42) Schneider,B (2409)-Alienkin,A (2387) Belgium 2013}) 11. Bd4 Qb5 12. Nc3 Qa5 13. dxe4 dxe4 14. Nxe4 ({Don't play} 14. Bxe4 Rd8 15. Qd2 Nxe4 16. Nxe4 Qxd2 17. Nxd2 Nc6 $17) 14... Nxe4 15. Bxe4 Nc6 16. Qd3 h6 17. Bc3 Qh5 18. Rfb1 Rd8 19. Qb5 Bc5 20. Ne3 (20. Bxc6 bxc6 21. Qxc6 {[#]} Bxf2+ $1 22. Kxf2 Bd7 $17) (20. e3 $11 a6 21. Qb2) 20... a6 $17 21. Qb2 Bxe3 22. fxe3 Qg5 23. Kf2 (23. Bf3 $15) 23... Re8 24. h4 Qe7 25. Bf3 Qxe3+ 26. Kg2 Bf5 (26... Qe6 $17 {Hoping for ...Qh3+.} 27. Rh1 Qg6) 27. Rf1 Qe6 {[%emt 0:06:00] ...Bh3+ is the strong threat.} 28. Rf2 f6 29. Qxb7 {[%emt 0:00:38] The position is equal.} Be4 30. Qb3 ({Much worse is} 30. Bxe4 Qxe4+ 31. Kh2 Qe3 32. Qb3+ Re6 $17) 30... Rab8 31. Qxe6+ Rxe6 32. Rc1 Ne7 33. Bd4 Rd8 34. e3 Bxf3+ 35. Rxf3 Nc6 36. Rc4 Rdd6 37. Ra4 Ne5 38. Bxe5 Rxe5 $11 {[%emt 0:00:02][%mdl 4096] Endgame KRR-KRR} 39. e4 Rb5 40. Rb3 Rd2+ 41. Kh3 Rxa2 42. Rxa2 Rxb3 43. Rxa6 {[%emt 0:00:05] KR-KR} Rb4 44. Ra8+ Kh7 45. Re8 h5 46. Kg2 Kg6 47. Re7 Rb1 48. Kf2 Rb5 49. Kf3 Rb3+ 50. Kf2 {[%emt 0:00:10] Weighted Error Value: White=0.08 (flawless) /Black=0.07 (flawless)} 1/2-1/2

[Event "41st Zalakaros Festival 2022"]
[Site "Zalakaros"]
[Date "2022.06.11"]
[Round "7.6"]
[White "Farkas, Gabor"]
[Black "Forgacs, Attila Jr."]
[Result "0-1"]
[ECO "A05"]
[WhiteElo "2324"]
[BlackElo "2234"]
[Annotator "TA"]
[PlyCount "74"]
[EventDate "2022.06.05"]
[EventType "swiss"]
[EventCountry "HUN"]
[SourceTitle "playchess.com"]
[Source "ChessBase"]
[SourceQuality "1"]
[TimeControl "40/5400+30:1800+30"]

1. Nf3 Nf6 2. g3 g6 3. b3 Bg7 4. Bb2 O-O 5. Bg2 d6 6. d4 e5 7. dxe5 Nfd7 8. Nc3 dxe5 {[%emt 0:00:23][%cal Oe5e4] 8...Nxe5 is vanishing. A49: 1 d4 Nf6 2 Nf3 g6 3 g3: Anti-King's Indian systems.} 9. Qd2 Nc6 (9... Nb6 $1 $14) 10. O-O-O $16 a5 {[%emt 0:00:31][%cal Oa5a4] White is better.} 11. h4 h6 12. Kb1 {[%emt 0:03:07] [#]} a4 $146 ({Predecessor:} 12... Nb6 13. Qxd8 Nxd8 14. Nb5 Bd7 15. Nxc7 Rc8 16. Rd6 Bc6 17. Rhd1 f6 18. Bh3 Rxc7 19. Rxd8 {1-0 (43) Sredojevic,I (2368)-Ongut,T (2127) Budapest 2017}) 13. Nxa4 Rxa4 14. bxa4 {[%emt 0:00:12] And now Bh3 would win.} Qe8 (14... Qe7 $142) 15. h5 $1 {[%emt 0:07:28] hxg6 is the strong threat.} Nb6 16. e4 (16. Rh4 $16) 16... g5 $11 17. Bf1 (17. a5 $11 Nc4 18. Qc3 N6xa5 19. Nd2) 17... Nxa4 (17... Bg4 $15 18. Be2 Nxa4) 18. Bb5 Nxb2 19. Kxb2 Bg4 20. Qc3 f5 21. Nd2 Bxd1 $15 22. Bxc6 bxc6 23. Rxd1 Qxh5 24. Re1 f4 (24... Qh2 $5 ) 25. Qxc6 {[%emt 0:02:24] [#]} (25. a4 $1 $15) 25... Qh2 $1 $17 26. Qc4+ (26. Rf1 $17 {was necessary.}) 26... Kh8 27. Qe2 fxg3 28. fxg3 Rf2 $36 {[%emt 0:03:48][%mdl 2048] Black is in control.} ({Stronger than} 28... Qxg3 29. Nb3 $17) 29. Qa6 {[%emt 0:00:19] [#]} (29. Qg4 $17) 29... Rxd2 $2 (29... Kh7 $1 $19 30. Qe6 Qxg3) 30. Qc8+ $11 Kh7 31. Qf5+ Kg8 32. Qc8+ $2 (32. Qe6+ $11 Kf8 33. Rf1+ Rf2 34. Rd1) 32... Kh7 33. Qf5+ Kg8 34. Qc8+ Bf8 35. Qxc7 Qxg3 36. Rf1 Rf2 {[%emt 0:01:55] ( -> ...Ba3+)} 37. Rxf2 Ba3+ {[%emt 0:00:37] Weighted Error Value: White=0.85/Black=0.36} 0-1

[Event "41st Zalakaros Festival 2022"]
[Site "Zalakaros"]
[Date "2022.06.11"]
[Round "7.7"]
[White "Ianov, Viktor"]
[Black "Fodor, Balazs"]
[Result "1/2-1/2"]
[ECO "A05"]
[WhiteElo "2279"]
[BlackElo "2126"]
[Annotator "TA"]
[PlyCount "118"]
[EventDate "2022.06.05"]
[EventType "swiss"]
[EventCountry "HUN"]
[SourceTitle "playchess.com"]
[Source "ChessBase"]
[SourceQuality "1"]
[TimeControl "40/5400+30:1800+30"]

1. Nf3 Nf6 2. g3 g6 3. b3 Bg7 4. Bb2 O-O 5. Bg2 c5 6. c4 d6 7. d4 cxd4 {[%emt 0:00:07] Recently 7...Ne4 got a lot of attention.} 8. Nxd4 d5 {[%emt 0:00:08] E60: King's Indian: Unusual lines and Fianchetto Variation without Nc3.} 9. cxd5 Nxd5 10. O-O Nc6 {[%emt 0:07:42] White is slightly better.} 11. Nxc6 $1 bxc6 12. Bxg7 Kxg7 13. Qc2 Qb6 14. Nc3 {[%emt 0:01:07] [#]} Qc5 $146 ({Predecessor:} 14... Nb4 15. Qe4 Be6 16. Rfc1 a5 17. Na4 Qa7 18. Qe5+ Kg8 19. Nc5 Bd5 20. e4 f6 21. Qc3 Bf7 22. Bf1 Qb6 23. a3 Na6 24. Nd7 {1-0 (24) Lomako,P (2417)-Gorbatenko,K (2086) Perm 2009}) 15. Rac1 Qxc3 16. Qxc3+ Nxc3 17. Rxc3 Bb7 18. Bxc6 {[%emt 0:00:39] White is more active.} Bxc6 19. Rxc6 $16 {[%emt 0:00:08][%mdl 4096] Endgame KRR-KRR} a5 20. Rfc1 a4 (20... Rfb8 $16 {keeps fighting.} 21. Rc7 Kf8) 21. b4 $18 Rfd8 22. a3 Rd2 23. R6c2 Rd5 (23... Rad8 $16 24. Kg2 Rxc2 25. Rxc2 Rd1) 24. Kg2 Ra6 25. Rc6 Ra8 26. Rc8 Ra6 27. R1c6 Rxc6 28. Rxc6 {[%emt 0:00:10] KR-KR} Rd2 29. Ra6 $1 Rxe2 30. Rxa4 Rb2 31. Ra5 f5 (31... Kf6 $142 32. b5 e5) 32. h4 Kf6 33. Rc5 (33. b5 $18) 33... e5 $16 34. Rc6+ Kg7 (34... Ke7 $14) 35. Rc7+ Kh6 36. Kf1 ({White should play} 36. Rc4 $1) 36... e4 (36... Rb3 $142) 37. Rc3 ({Better is} 37. Rc4 $1 $16) 37... Kh5 $14 38. Kg2 (38. a4 $14) 38... Kg4 (38... g5 $11) 39. Rc4 $1 Rb3 $2 (39... Kh5 $14) 40. a4 $18 Rb2 41. b5 $1 h6 $2 (41... Kh5 {might work better.} 42. Rc3 Kg4) 42. a5 {[%emt 0:03:27] Hoping for b6.} ({Not} 42. Rc6 g5 $16) 42... Rxb5 {[%emt 0:00:25] [#]} 43. Ra4 ({And not} 43. f3+ Kh5 $11) 43... Kh5 $2 (43... Rb7 44. f3+ Kh5) 44. a6 {[%emt 0:00:09] White wants to mate with a7.} Rb8 45. a7 Ra8 46. Kf1 $2 (46. Kh3 g5 47. hxg5) 46... g5 $2 (46... Kg4 47. Ke2 f4 48. gxf4 Kxf4) 47. hxg5 hxg5 48. Kg2 $2 (48. Ra5 $18 {Threatens to win with Kg1.} Kg6 49. Ke2) 48... f4 $16 {[%emt 0:05:35] [#]} 49. gxf4 $2 ({White should try} 49. Kh3 $1 $18) 49... gxf4 $11 {[%emt 0:00:06] The position is equal.} 50. Rxe4 {[%emt 0:01:11] Re5+ is the strong threat.} (50. Ra5+ {is more complex.} Kg6 51. Kf1 Kf6 52. Ra6+) 50... Rxa7 51. Rxf4 Kg5 52. Rf8 Ra4 53. Kg3 Rg4+ 54. Kf3 {[%emt 0:00:14] White threatens Rg8+ and mate.} Ra4 55. Rg8+ Kf5 56. Kg3 Ra3+ 57. f3 Rb3 58. Ra8 Rb5 59. Rf8+ Ke5 {Black escapes into a draw.  Weighted Error Value: White=0.39/Black=0.35} 1/2-1/2